[Event "*** Titled Tuesday Blitz"]
[Site "Chess.com"]
[Date "2020.03.03"]
[Round "3"]
[White "TheBigBadChessDad"]
[Black "JustDazzled"]
[Result "1-0"]
[WhiteElo "2319"]
[BlackElo "1954"]
[TimeControl "180+1"]
[EndTime "13:30:10 PST"]
[Termination "TheBigBadChessDad won by resignation"]

1. d4 g6 2. e4 Bg7 3. Nc3 c6 4.
f4 d5 5. e5 Nh6 6. Be3 O-O 7. Nf3 f6 8. Bd3 Bg4 9. O-O Nd7 10. h3 Bxf3 11. Rxf3 fxe5 12. fxe5 e6 13. g4 c5 14. Rxf8+ Qxf8 15. Bb5 Qe7 16. Bxd7 Qxd7 17. Ne2 Nf7 18. c3 Rc8 19. Qd2 b5 20. a3 a5 21.
Rf1 b4 22. axb4 axb4 23. Nf4 Ra8 24. h4 Ra2 25. cxb4 cxd4 26. Bxd4 Nxe5 27. Qc3 Nxg4 28.
Bxg7 Qxg7 29. Nxe6 Qa7+ 30. Kh1 Nf2+ 31. Rxf2 Ra1+ 32.
Kg2 Qe7 33. Qc8+ 1-0

[Event "*** Titled Tuesday Blitz"]
[Site "Chess.com"]
[Date "2020.03.03"]
[Round "3"]
[White "xamax2000"]
[Black "Manukyan_Artak"]
[Result "1-0"]
[WhiteElo "2675"]
[BlackElo "2434"]
[TimeControl "180+1"]
[EndTime "13:30:11 PST"]
[Termination "xamax2000 won on time"]

1. c4 g6 2. Nc3 Bg7 3. d4 d6 4. e4 c5 5. Nge2 cxd4 6. Nxd4 Nc6 7. Be3 Nf6 8. Be2 O-O 9. O-O a6 10. Nc2 Be6 11. Rc1 Rc8 12. f3 Qa5 13. Qd2 Rfd8 14. a3 Qh5 15. Bb6 Re8 16. b3 Nd7 17. Be3 Nc5 18. Rb1 a5 19. Nb5 a4 20. b4 Nb3 21.
Qd1 Ne5 22. f4 Ng4 23. h3 Nxe3 24. Nxe3 Qh4 25. Kh2 Qh6 26. Ng4 Bxg4 27. Bxg4 Rxc4 28. Qe2 Rd4 29. Nxd4 Nxd4 30. Qd3 e5 31. f5 Qg5 32.
Rbc1 h5 33. Bd1 Bh6 34. Bxa4 Rd8 35. Bb3 Qe7 36. fxg6 Bxc1 37. gxf7+ Kf8 38. Qg3 1-0

[Event "*** Titled Tuesday Blitz"]
[Site "Chess.com"]
[Date "2020.03.03"]
[Round "3"]
[White "atbenina64"]
[Black "kayrakamer"]
[Result "1-0"]
[WhiteElo "2434"]
[BlackElo "2597"]
[TimeControl "180+1"]
[EndTime "13:30:12 PST"]
[Termination "atbenina64 won on time"]

1. c4 Nf6 2. Nc3 g6 3. e4 d6 4.
d4 Bg7 5. Be2 O-O 6. Be3 c5 7. d5 Qa5 8. Qd2 a6 9. f3 e6 10. Nh3 exd5 11. exd5 Bxh3 12. gxh3 Re8 13. Kf2 Nbd7 14. Rae1 b5 15. cxb5 axb5 16. Bxb5 Qd8 17.
Bc6 Rb8 18. Bf4 Nh5 19. Bxd6 Bd4+ 20. Kg2 Rxe1 21. Rxe1 Nf8 22. Bxb8 Qxb8 23. Re8 Nf4+ 24. Kh1 Qd6 25. Ne4 Qc7 26. b4 Kg7 27. bxc5 Be5 28. d6 Qxc6 29. Rxe5 N8e6 30. d7 Qb5 31. Qe1 Qb2 32. Nf2 Qd4 33. Re4 Qxd7 34. Rxf4 1-0

[Event "*** Titled Tuesday Blitz"]
[Site "Chess.com"]
[Date "2020.03.03"]
[Round "3"]
[White "Gabrielian_Artur"]
[Black "Gogolev_Artemy"]
[Result "1-0"]
[WhiteElo "2773"]
[BlackElo "2473"]
[TimeControl "180+1"]
[EndTime "13:30:13 PST"]
[Termination "Gabrielian_Artur won on time"]

1. e4 c6 2. d4 d5 3. Nd2 dxe4 4. Nxe4 Bf5 5. Ng3 Bg6 6. c3 Nf6 7. Nh3 e5 8. dxe5 Qxd1+ 9. Kxd1 Ng4 10. f4 h5 11. f5 h4 12. fxg6 hxg3 13. gxf7+ Kxf7 14. e6+ Kxe6 15. Bc4+ Kd6 16. Bf4+ Kc5 17. Be6 Rxh3 18.
gxh3 Nf2+ 19. Kc2 Nxh1 20. Rxh1 gxh2 21. Bxh2 Na6 22. b4+ Kb6 23. a4 Re8 24. a5+ Kb5 25. Re1 Nxb4+ 26. cxb4 Kxb4 27. a6 b5 28. Rb1+ Ka5 29.
Ra1+ Kb6 30. Bg4 Bc5 31. Rd1 Re4 32. Rd7 Bd4 33. Bb8 Kxa6 34. Kd3 Rxg4 35. hxg4 Bf6 36. Bxa7 b4 37. Kc4 1-0

[Event "*** Titled Tuesday Blitz"]
[Site "Chess.com"]
[Date "2020.03.03"]
[Round "3"]
[White "Sashadav97"]
[Black "tigra"]
[Result "0-1"]
[WhiteElo "2554"]
[BlackElo "2781"]
[TimeControl "180+1"]
[EndTime "13:30:14 PST"]
[Termination "tigra won on time"]

1. d4 Nf6 2. c4 g6 3. Nc3 d5 4.
Nf3 Bg7 5. Bg5 Ne4 6. Bf4 Nxc3 7.
bxc3 c5 8. e3 O-O 9. cxd5 Qxd5 10. Be2 Nc6 11. O-O Bf5 12. Qb3 Be4 13. Bc4 Qd7 14.
Ng5 Qf5 15. f3 Bd3 16. Bxd3 Qxd3 17. Rad1 Qa6 18. Ne4 cxd4 19. cxd4 b6 20. Rc1 Rac8 21. d5 Ne5 22. Bxe5 Bxe5 23. f4 Bg7 24. d6 Qb7 25. Qd3 exd6 26. Nxd6 Rcd8 27. e4 Qe7 28. e5 Rd7 29.
Qb3 Rfd8 30. Rce1 Bf8 31. Nxf7 Qc5+ 32. Kh1 Rxf7 33. e6 Re7 34. f5 gxf5 35. Qh3 Rd5 36. Qh4 Qd4 37. Qg5+ Rg7 38. Qh5 Qg4 39. Qxg4 fxg4 40.
Rc1 Rd8 0-1

[Event "*** Titled Tuesday Blitz"]
[Site "Chess.com"]
[Date "2020.03.03"]
[Round "3"]
[White "GrigorGrigorov"]
[Black "Saitama_Hero"]
[Result "1-0"]
[WhiteElo "2758"]
[BlackElo "2296"]
[TimeControl "180+1"]
[EndTime "13:30:14 PST"]
[Termination "GrigorGrigorov won on time"]

1. d4 Nf6 2. c4 g6 3. Nf3 d5 4. g3 Bg7 5. Bg2 O-O 6. O-O dxc4 7. Na3 c5 8. dxc5 Qc7 9. Nxc4 Qxc5 10. Qd4 Qh5 11.
Qe5 Bf5 12. Qxe7 Nc6 13. Qxb7 Be4 14. Ng5 Na5 15. Qa6 Bxg2 16. Kxg2 Qxe2 17. Qxa5 Qxc4 18. Bd2 Rfd8 19. Bc3 Rd5 20. Qa3 Rxg5 21. Rad1 Rh5 22. Qd6 Qg4 23. Rh1 Qh3+ 24. Kg1 Rf5 25. Qe7 Re8 26. Rd8 Rxd8 27. Qxd8+ Bf8 28. Bxf6 Qg4 29. Be7 1-0

[Event "*** Titled Tuesday Blitz"]
[Site "Chess.com"]
[Date "2020.03.03"]
[Round "3"]
[White "FedaMaster"]
[Black "dlp300"]
[Result "0-1"]
[WhiteElo "2433"]
[BlackElo "2662"]
[TimeControl "180+1"]
[EndTime "13:30:14 PST"]
[Termination "dlp300 won on time"]

1. e4 e5 2. Nf3 Nc6 3. Bc4 Bc5 4.
Nc3 Nf6 5. d3 d6 6. Bg5 h6 7. Be3 Bxe3 8. fxe3 Be6 9. Bxe6 fxe6 10. Qd2 Qd7 11. O-O-O O-O-O 12. Rdf1 Rdf8 13. d4 exd4 14. exd4 Rf7 15. d5 Ne5 16. Nxe5 dxe5 17. dxe6 Qxe6 18.
Qe3 Kb8 19. Rf5 a6 20. Rhf1 Rd7 21. Qg3 Re8 22. Qg6 Red8 23. Qg3 Nxe4 24. Qxe5 Nxc3 25. bxc3 Qxa2 26. Qa5 Qc4 27. Qb4 Qe2 28. Kb2 Qxg2 29. Rf8 Qxh2 30. Rxd8+ Rxd8 31. Qe7 Rd6 32. Rf8+ Ka7 0-1

[Event "*** Titled Tuesday Blitz"]
[Site "Chess.com"]
[Date "2020.03.03"]
[Round "3"]
[White "MaxLeto"]
[Black "gemarin"]
[Result "1-0"]
[WhiteElo "2409"]
[BlackElo "2096"]
[TimeControl "180+1"]
[EndTime "13:30:14 PST"]
[Termination "MaxLeto won on time"]

1. g4 d5 2. g5 e5 3. h4 h6 4. d4 e4 5. Bg2 hxg5 6. Bxg5 Be7 7. Qd2 Nc6 8. Nc3 Be6 9. O-O-O Nh6 10. f3 exf3 11. Nxf3 Nf5 12. e4 dxe4 13. Nxe4 Bd5 14. Rhe1 f6 15. Bxf6 gxf6 16. Nxf6+ Kf8 17. Nxd5 Qxd5 18.
Ne5 Qxd4 19. Ng6+ Kf7 20. Nxh8+ Rxh8 21. Qe2 Qf4+ 22. Kb1 Ncd4 23. Qc4+ Kg7 24. Bxb7 Rxh4 25. c3 Nf3 26. Qxf4 Rxf4 27. Re2 Bg5 28. a4 1-0

[Event "*** Titled Tuesday Blitz"]
[Site "Chess.com"]
[Date "2020.03.03"]
[Round "3"]
[White "ChessicallyInclined"]
[Black "Azeryahu"]
[Result "0-1"]
[WhiteElo "2483"]
[BlackElo "2809"]
[TimeControl "180+1"]
[EndTime "13:30:15 PST"]
[Termination "Azeryahu won by resignation"]

1. Nf3 g6 2. d4 Nf6 3. c4 Bg7 4. e3 O-O 5. Be2 c5 6. d5 e6 7. Nc3 exd5 8. cxd5 d6 9. O-O Bg4 10.
h3 Bxf3 11. Bxf3 Nbd7 12. a4 a6 13. Bd2 Re8 14. Be2 Rc8 15. a5 Ne4 16. Nxe4 Rxe4 17. Bf3 Re8 18. Qc2 c4 19. Ra4 Ne5 20. Be2 Rc5 21. Bc3 Qc7 22. Rd1 Rc8 23. e4 Nd3 24.
Bxg7 Kxg7 25. Bxd3 cxd3 26. Qxd3 Rxa5 27. Rxa5 Qxa5 28.
Qd4+ f6 29. Rd3 Rc1+ 30. Kh2 Qc5 31. Qxc5 Rxc5 32. Rb3 Rc7 33. Rb6 Rd7 34. Kg3 Kf7 35. f4 Ke7 36. Kf3 Kd8 37. e5 fxe5 38. fxe5 Kc7 39.
Rxd6 Rxd6 40. exd6+ Kxd6 41. Ke4 a5 42. Kd4 b5 43. h4 h5 44. Ke4 a4 45. Kd4 b4 46. Kc4 a3 47. bxa3 bxa3 48. Kb3 Kxd5 49. Kxa3 Ke4 50. Kb4 Kf4 51. Kc4 Kg3 52. Kd5 Kxg2 53.
Ke5 Kh3 54. Kf6 Kxh4 55. Kxg6 Kg4 0-1

[Event "*** Titled Tuesday Blitz"]
[Site "Chess.com"]
[Date "2020.03.03"]
[Round "3"]
[White "guillembaches"]
[Black "Witik"]
[Result "0-1"]
[WhiteElo "2414"]
[BlackElo "2644"]
[TimeControl "180+1"]
[EndTime "13:30:15 PST"]
[Termination "Witik won by checkmate"]

1. e4 c6 2. d4 d6 3. Be3 h6 4. f4 Nd7 5. Nf3 Qa5+ 6. Nc3 g5 7. Bc4 b5 8. Bb3 Ngf6 9. e5 Ne4 10. Qd3 d5 11. O-O Nxc3 12. bxc3 g4 13. Nh4 Nb6 14. f5 Ba6 15. Qd1 Qxc3 16. Bf2 h5 17. e6 f6 18. Ng6 Rh7 19. Nf4 Bh6 20. Ne2 Qd2 21. Ng3 b4 22. Qxd2 Bxd2 23. Rfd1 Bc3 24. Rab1 h4 25.
Nf1 O-O-O 26. Ne3 g3 27. Be1 gxh2+ 28. Kxh2 Rg8 29. Bxc3 bxc3 30. a4 Kc7 31. a5 Nc8 32.
Ba4 Rg3 33. Re1 Nd6 34. Rb3 Ne4 35. Reb1 h3 36. Nxd5+ cxd5 37. Rb8 Rxg2+ 38. Kh1 Nf2# 0-1

[Event "*** Titled Tuesday Blitz"]
[Site "Chess.com"]
[Date "2020.03.03"]
[Round "3"]
[White "cottage_cheese"]
[Black "yoolund"]
[Result "1-0"]
[WhiteElo "2320"]
[BlackElo "2549"]
[TimeControl "180+1"]
[EndTime "13:30:16 PST"]
[Termination "cottage_cheese won on time"]

1. e4 g6 2. d4 Bg7 3. Nc3 d6 4. Be3 a6 5. Qd2 b5 6. h4 h5 7. f3 Nd7 8. Nh3 Bb7 9. Ng5 Rc8 10. O-O-O c5 11. Kb1 cxd4 12. Bxd4 Ngf6 13. g3 Nb6 14. Qf2 Nc4 15. Bh3 Rc6 16. Rhe1 O-O 17. Nd5 e6 18. Bxe6 fxe6 19. Nxe6 Qe8 20. Nxf8 Qxf8 21. Nf4 Qf7 22. Qf1 Nd7 23. Qh3 Nc5 24. Bxc5 Rxc5 25. Qe6 Be5 26.
Qxg6+ Qxg6 27. Nxg6 1-0

[Event "*** Titled Tuesday Blitz"]
[Site "Chess.com"]
[Date "2020.03.03"]
[Round "3"]
[White "Aleksey_Sorokin"]
[Black "Lovkov_Roman"]
[Result "1-0"]
[WhiteElo "2859"]
[BlackElo "2686"]
[TimeControl "180+1"]
[EndTime "13:30:19 PST"]
[Termination "Aleksey_Sorokin won on time"]

1. d4 d5 2. c4 e6 3. Nf3 c5 4.
cxd5 exd5 5. g3 Nc6 6. Bg2 Nf6 7.
O-O cxd4 8. Nxd4 Be7 9. Nc3 O-O 10. Be3 Be6 11. Qb3 Qd7 12. Rfd1 Rfd8 13. Rac1 Na5 14.
Qc2 Rac8 15. Nxe6 fxe6 16. Bd4 Nc6 17. Bxf6 Bxf6 18. Bh3 Qf7 19. Qa4 a6 20. e3 Rc7 21.
Qg4 Re8 22. Qe2 b5 23. Bg2 Rd8 24. Qe1 Ne5 25. Qe2 Kh8 26. Nb1 Rdc8 27. Qf1 Nc4 28. b3 Nd6 29. Nd2 Rc2 30. Nf3 Qc7 31. Rxc2 Qxc2 32.
Bh3 Re8 33. Rc1 Qxa2 34. Rc6 Ne4 35. Bxe6 Qxb3 36. Rxa6 Rf8 37. Bf5 Be7 38. Nd4 Qb2 39.
Re6 Bc5 40. Bxe4 dxe4 41. Rxe4 b4 42. Ne6 Qc2 43. Rc4 1-0

[Event "*** Titled Tuesday Blitz"]
[Site "Chess.com"]
[Date "2020.03.03"]
[Round "3"]
[White "GCamachoMartinez"]
[Black "RiskyDecision"]
[Result "0-1"]
[WhiteElo "2389"]
[BlackElo "2631"]
[TimeControl "180+1"]
[EndTime "13:30:20 PST"]
[Termination "RiskyDecision won by resignation"]

1. d4 f5 2. Nf3 Nf6 3. g3 g6 4. Bg2 Bg7 5. O-O O-O 6. c4 d6 7. Nc3 c6 8. Re1 Na6 9. e4 fxe4 10. Nxe4 Nxe4 11. Rxe4 Bf5 12. Rh4 e5 13. dxe5 dxe5 14. Bg5 Bf6 15. Qxd8 Raxd8 16. Bxf6 Rxf6 17. Nxe5 Rd2 18. b3 Nb4 19. Nf3 Rxa2 20. Rxa2 Nxa2 21. Rd4 Nc1 22.
Rd8+ Kg7 23. Bf1 Nxb3 24. Ne5 Nc5 25. f4 a5 26. Ra8 a4 27. Ra7 Rd6 28. Bg2 Rd1+ 29.
Kf2 Rd2+ 30. Kg1 Kf8 31. Ra5 Ne4 32. Bxe4 Bxe4 33. Rxa4 Rg2+ 34. Kf1 Rxh2 35. Ra8+ Ke7 36. Ra7 c5 37. Ra5 Kd6 38. Rb5 Rc2 39. Rb6+ Kc7 40.
Rb5 b6 41. Rb3 h6 42. Ra3 g5 43. fxg5 hxg5 44. Ra7+ Kd6 45. Rd7+ Kxe5 46. Re7+ Kd4 0-1

[Event "*** Titled Tuesday Blitz"]
[Site "Chess.com"]
[Date "2020.03.03"]
[Round "3"]
[White "Irishchessman16"]
[Black "superstructure"]
[Result "0-1"]
[WhiteElo "2197"]
[BlackElo "2425"]
[TimeControl "180+1"]
[EndTime "13:30:20 PST"]
[Termination "superstructure won on time"]

1. e4 e5 2. Nf3 d6 3. d4 exd4 4. Nxd4 Nf6 5. Nc3 Be7 6. h3 O-O 7. g3 d5 8. e5 Nfd7 9. e6 Nc5 10.
exf7+ Rxf7 11. Bg2 c6 12. O-O Nba6 13. Be3 Qc7 14.
a3 Bd7 15. b4 Ne6 16. b5 Nac5 17. bxc6 bxc6 18. Nxe6 Nxe6 19. Re1 Bf6 20. Nxd5 cxd5 21. Qxd5 Re8 22. Rad1 Bc8 23. Qc6 Qxc6 24. Bxc6 Rd8 25. Rxd8+ Nxd8 26. Bd5 Be6 27. Rd1 Bxd5 28. Rxd5 Nc6 29.
Rd6 Rc7 30. Bf4 Ne5 31. Rd5 Re7 32. Kg2 Kf7 33. Ra5 Nc6 34. Ra6 Nd4 35. c4 g5 36. Be3 Rd7 37. c5 Nf5 38. Bc1 Rc7 39. c6 Ne7 40. Ra5 h6 41. h4 Kg6 42. hxg5 hxg5 43.
f4 Rxc6 44. fxg5 Bd4 45. Bf4 Nf5 0-1

[Event "*** Titled Tuesday Blitz"]
[Site "Chess.com"]
[Date "2020.03.03"]
[Round "3"]
[White "Sunnika"]
[Black "Snegokhod"]
[Result "1-0"]
[WhiteElo "2397"]
[BlackElo "2601"]
[TimeControl "180+1"]
[EndTime "13:30:22 PST"]
[Termination "Sunnika won on time"]

1. d4 Nf6 2. Nf3 g6 3. g3 Bg7 4. Bg2 O-O 5. O-O d5 6. Bf4 c5 7. dxc5 Na6 8. c3 Nxc5 9. Na3 a6 10. Nc2 b5 11. Be5 Bb7 12. Nb4 Re8 13. Nd3 Ncd7 14.
Bd4 Qc7 15. Nfe5 Bh6 16. a4 Ne4 17. Nxd7 Qxd7 18. axb5 Qxb5 19. Ra2 f6 20. Qa4 e5 21. Bc5 Qxa4 22. Rxa4 Bc6 23. Ra5 Bb5 24. Bb4 Rad8 25. Rfa1 Nd2 26. Nc5 Bxe2 27. Nb7 e4 28. Nxd8 Rxd8 29.
Be7 Rd7 30. Bxf6 Nf3+ 31. Kh1 Kf7 32. Bd4 Nxd4 33. cxd4 Bg7 34. Re1 Bc4 35. Rd1 Rb7 36.
Bf1 Bxf1 37. Rxf1 Rxb2 38. Rxd5 Rd2 39. Rd7+ Kg8 40. Rb1 Rxf2 41. Rb8+ Rf8 42. Rxf8+ Bxf8 43. Kg1 1-0

[Event "*** Titled Tuesday Blitz"]
[Site "Chess.com"]
[Date "2020.03.03"]
[Round "3"]
[White "PawnEatingZombie"]
[Black "matiss90"]
[Result "1/2-1/2"]
[WhiteElo "2220"]
[BlackElo "2477"]
[TimeControl "180+1"]
[EndTime "13:30:27 PST"]
[Termination "Game drawn by repetition"]

1. d4 Nf6 2. c4 e5 3. dxe5 Ng4 4.
Bf4 Nc6 5. Nf3 Qe7 6. Nc3 Ncxe5 7. Nxe5 Nxe5 8. e3 c6 9. Be2 g6 10. O-O Bg7 11. Qd2 O-O 12. Rfd1 b6 13. Rac1 a5 14. b3 Rd8 15. h3 d6 16. Bg3 Bb7 17. f4 Nd7 18. Bf3 Nc5 19. Re1 Rd7 20. e4 Re8 21. Rcd1 h5 22. Qc2 Rdd8 23. Bf2 h4 24. e5 dxe5 25. Rxd8 Qxd8 26. fxe5 Bxe5 27. Ne4 Bd4 28. Kh1 Nxe4 29. Bxe4 Bxf2 30. Qxf2 Qe7 31. Re2 c5 32. Bf3 Qd7 33. Rxe8+ Qxe8 34. Bxb7 Qe7 35. Bf3 Qg5 36. Qe2 Qc1+ 37. Kh2 Qf4+ 38. Kh1 Qc1+ 39. Kh2 Qf4+ 40. Kg1 Qc1+ 41. Qf1 Qe3+ 42. Kh1 Qd2 43. Qe2 Qc1+ 1/2-1/2

[Event "*** Titled Tuesday Blitz"]
[Site "Chess.com"]
[Date "2020.03.03"]
[Round "3"]
[White "FrenchMonster2002"]
[Black "NikolaGry"]
[Result "0-1"]
[WhiteElo "2415"]
[BlackElo "2648"]
[TimeControl "180+1"]
[EndTime "13:30:28 PST"]
[Termination "NikolaGry won on time"]

1. e4 d5 2. exd5 Nf6 3. Nf3 Nxd5 4. d4 g6 5. Be2 Bg7 6. O-O O-O 7. c4 Nb6 8. Nc3 Nc6 9. Be3 e5 10. d5 Ne7 11. a4 Nf5 12. c5 Nxe3 13. fxe3 Nd7 14. b4 a5 15. c6 Nb6 16. b5 e4 17. Nxe4 Qxd5 18. Nfg5 bxc6 19. bxc6 Bf5 20. Qxd5 Nxd5 21. Ra3 Rfe8 22. Bc4 Rad8 23. Rd3 h6 24. Rxd5 Rxd5 25. Bxd5 hxg5 26. Nxg5 Rxe3 27. Bxf7+ Kh8 28. h3 Bd4 29. Kh1 Kg7 30. Bd5 Bf6 31. Nf3 Ra3 32. Re1 Rxa4 33. Re8 Ra1+ 34. Kh2 Rd1 35. Bc4 Rc1 36. Bb3 Rc3 0-1

[Event "*** Titled Tuesday Blitz"]
[Site "Chess.com"]
[Date "2020.03.03"]
[Round "3"]
[White "SloLev"]
[Black "jefferyx"]
[Result "0-1"]
[WhiteElo "2521"]
[BlackElo "2939"]
[TimeControl "180+1"]
[EndTime "13:30:33 PST"]
[Termination "jefferyx won by resignation"]

1. e4 e6 2. d4 d5 3. exd5 exd5 4. c4 Be6 5. Nc3 Nf6 6. Bg5 Be7 7. Nf3 O-O 8. c5 Nc6 9. Bb5 Bg4 10. Bxc6 bxc6 11. h3 Bh5 12. O-O Rb8 13. b3 h6 14. Bh4 Ne4 15.
Bxe7 Qxe7 16. Qd3 Bxf3 17. Qxf3 Nd2 18. Qe3 Qxe3 19. fxe3 Nxf1 20. Rxf1 f5 21. Kf2 Rbe8 22. g3 g5 23. Ne2 Kg7 24. b4 Re6 25. Rb1 a5 26.
bxa5 Ra8 27. Rb7 Re7 28. Nc3 Rxa5 29. a4 Kf6 30. Rb8 Kf7 31. Rh8 Kg7 32. Rb8 Ra7 33.
Rb4 Re8 34. Kf3 Kf6 35. Ne2 Rea8 36. Nc3 Ke6 37. Ke2 Kd7 38. Kd3 Rf8 39. Rb2 Raa8 40. Rf2 Ke6 41. Rf1 Rfb8 42. g4 Rf8 43. gxf5+ Rxf5 44. Rg1 Rf3 45. h4 Kf5 46. hxg5 hxg5 47. Ke2 g4 48. Rh1 Kg6 49. Rh2 Rb8 50. Kd3 g3 51. Rg2 Kf5 52. a5 Kg4 53. a6 Ra8 54. Nb1 Rxa6 55. Nd2 Ra3+ 56. Ke2 Rfxe3+ 57. Kd1 Kh3 0-1

[Event "*** Titled Tuesday Blitz"]
[Site "Chess.com"]
[Date "2020.03.03"]
[Round "3"]
[White "FelixJoseYnojosa"]
[Black "Msb2"]
[Result "0-1"]
[WhiteElo "2694"]
[BlackElo "2872"]
[TimeControl "180+1"]
[EndTime "13:30:35 PST"]
[Termination "Msb2 won by checkmate"]

1. c4 e5 2. Nc3 Bb4 3. e4 Nf6 4. d3 O-O 5. Nf3 d6 6. h3 Nc6 7.
Be2 Be6 8. O-O Nd7 9. Nd5 Bc5 10. Rb1 a5 11. a3 a4 12. Nc3 Nb6 13. Kh1 Nd4 14.
Nxd4 Bxd4 15. Nb5 Bc5 16. f4 f5 17. Bf3 c6 18. Nc3 Qd7 19. Qe2 Rae8 20. fxe5 dxe5 21. exf5 Bxf5 22. Ne4 Bd4 23. Be3 h6 24. Bg4 Bxg4 25. hxg4 Qe7 26. g5 hxg5 27. Bxg5 Qe6 28. Rxf8+ Rxf8 29.
b4 axb3 30. Rxb3 Qg6 31. g3 Nd7 32. Rxb7 Nc5 33. Nxc5 Qxg5 34. Ne4 Qc1+ 35. Kg2 Qg1+ 36. Kh3 Qh1+ 37. Kg4 g6 38. Kg5 Be3+ 39. Kxg6 Qh6# 0-1

[Event "*** Titled Tuesday Blitz"]
[Site "Chess.com"]
[Date "2020.03.03"]
[Round "3"]
[White "SantoBlue"]
[Black "Konavets"]
[Result "1-0"]
[WhiteElo "2766"]
[BlackElo "3013"]
[TimeControl "180+1"]
[EndTime "13:30:36 PST"]
[Termination "SantoBlue won by resignation"]

1. Nf3 d5 2. g3 Nc6 3. d4 Bf5 4. Bg2 e6 5. O-O Nb4 6. Na3 c6 7. c3 Na6 8. Re1 h6 9. Nh4 Bh7 10. e4 Bxe4 11. Bxe4 dxe4 12. Rxe4 Nf6 13. Re1 Bxa3 14.
bxa3 O-O 15. Rb1 b6 16. Nf3 Nc7 17. Ne5 Ncd5 18. Bb2 Qc7 19. c4 Ne7 20. Qf3 Rad8 21. a4 c5 22. dxc5 Qxc5 23. Ba3 Qc7 24. a5 Rfe8 25. axb6 axb6 26. Bxe7 Qxe7 27. Rxb6 Qa7 28. Rb7 Qa5 29. Qe3 Qxa2 30. Nxf7 Rd7 31. Rxd7 Nxd7 32. Nd6 Rf8 33. Qxe6+ Kh7 34. Nf5 Qa5 35. Nxg7 Rf6 36. Qe7 Rf7 37. Qxf7 Qxe1+ 38. Kg2 Qe4+ 39. Kh3 Ne5 40.
Nh5+ Nxf7 41. Nf6+ Kg6 42. Nxe4 Ne5 43. c5 Kf5 44.
Nd2 Nd3 45. c6 Ke6 46. f4 Kd6 47. Kg4 Kxc6 48. Kh5 Nf2 49. Nf3 Kd5 50. Kxh6 Ke4 51. Ng5+ Kf5 52. Kh5 Ng4 53. Nf3 Nf2 54. Nh4+ Ke4 55.
Kg6 Ng4 56. f5 Ne5+ 57. Kg7 1-0

[Event "*** Titled Tuesday Blitz"]
[Site "Chess.com"]
[Date "2020.03.03"]
[Round "3"]
[White "malandragem"]
[Black "AvitalBor"]
[Result "1-0"]
[WhiteElo "2617"]
[BlackElo "2783"]
[TimeControl "180+1"]
[EndTime "13:30:36 PST"]
[Termination "malandragem won by resignation"]

1. e4 c5 2. Nc3 d6 3. g3 Nc6 4. Bg2 g6 5. d3 Bg7 6. Nge2 e6 7. h3 Nge7 8. Bg5 h6 9. Be3 Rb8 10. Qd2 b5 11. O-O b4 12. Nd1 Nd4 13. Nc1 Ba6 14.
c3 Ndc6 15. Ne2 Ne5 16. c4 N7c6 17. f4 Nd7 18. f5 exf5 19. exf5 Nce5 20. fxg6 fxg6 21.
Nf4 O-O 22. Nf2 Bb7 23. Ne6 Bxg2 24. Kxg2 Qf6 25. Nxf8 Qf3+ 26. Kh2 Rxf8 27. Ne4 Qxf1 28. Rxf1 Rxf1 29. Kg2 Rb1 30. Nxd6 Nf7 31. d4 Nxd6 32.
Qc2 Re1 33. Kf2 Rxe3 34. Kxe3 Bxd4+ 35. Ke2 Ne5 36. b3 Kg7 37. g4 Nc6 38. Kf1 Bf6 39.
Qg2 Nd4 40. Qd5 Nf7 41. Qxc5 Nc2 42. Qxa7 h5 43. gxh5 gxh5 44. Qb7 Nd4 45. c5 Kg6 46. Qe4+ Kh6 47. c6 Ng5 48. Qd3 Nxc6 49. Qd6 Kg6 50. Qxc6 Nxh3 51. Qb5 Bc3 52. Qd3+ 1-0

[Event "*** Titled Tuesday Blitz"]
[Site "Chess.com"]
[Date "2020.03.03"]
[Round "3"]
[White "MikaelyanArman"]
[Black "MusicCityMaster"]
[Result "1-0"]
[WhiteElo "2625"]
[BlackElo "2381"]
[TimeControl "180+1"]
[EndTime "13:30:38 PST"]
[Termination "MikaelyanArman won by resignation"]

1. e4 e6 2. d4 d5 3. Nc3 Bb4 4. Ne2 dxe4 5. a3 Bxc3+ 6. Nxc3 Nf6 7. Bg5 h6 8. Bxf6 Qxf6 9. Nxe4 Qe7 10. Bd3 Bd7 11.
O-O Bc6 12. c4 Nd7 13. Nc3 Nf6 14. d5 Bd7 15. Re1 O-O 16. Qf3 Qc5 17. b4 Qd4 18. Rad1 Qh4 19. g3 Qg4 20. Qxg4 Nxg4 21. c5 Rad8 22.
Bc4 exd5 23. Nxd5 c6 24. Ne7+ Kh8 25. Rd6 Be6 26. Bxe6 fxe6 27. Ng6+ Kh7 28. Nxf8+ Rxf8 29. f4 Nf6 30. Rexe6 Rf7 31. Kg2 Nd5 32. h4 Nc3 33.
Rd8 h5 34. Ree8 Nb5 35. a4 Nc3 36. a5 a6 37. Kf3 Nd5 38. Re5 Nxb4 39. Rxh5+ Kg6 40.
Rg5+ Kh7 41. Re5 Nd5 42. h5 Nf6 43. g4 Nd5 44. f5 Nf6 45. Kg3 Kh6 46. Rh8+ Nh7 47.
Kh4 g5+ 48. hxg6 1-0

[Event "*** Titled Tuesday Blitz"]
[Site "Chess.com"]
[Date "2020.03.03"]
[Round "3"]
[White "LogoCzar"]
[Black "Fighterman91"]
[Result "1-0"]
[WhiteElo "2485"]
[BlackElo "2712"]
[TimeControl "180+1"]
[EndTime "13:30:41 PST"]
[Termination "LogoCzar won on time"]

1. e4 c5 2. Nf3 Nc6 3. d4 cxd4 4. Nxd4 Nf6 5. Nc3 d6 6. Bc4 e6 7. Be3 a6 8. Bb3 Bd7 9. Qe2 b5 10. a3 Qc7 11. f4 Be7 12. f5 Nxd4 13. Bxd4 O-O 14. g4 Qb7 15. O-O-O e5 16. Bf2 Bc6 17.
Rhe1 Nd7 18. h4 a5 19. Bd5 b4 20. Bxc6 Qxc6 21. Nd5 Bd8 22. a4 Qxa4 23. b3 Qc6 24.
Kb2 a4 25. bxa4 Rxa4 26. Ra1 Nc5 27. Bxc5 dxc5 28. Rxa4 Qxa4 29. Ra1 Qd7 30. g5 Be7 31. Qc4 Rd8 32. f6 gxf6 33. gxf6 Bf8 34. Rg1+ Kh8 35.
Qe2 Qa7 36. Qg4 Bh6 37. Ne7 1-0

[Event "*** Titled Tuesday Blitz"]
[Site "Chess.com"]
[Date "2020.03.03"]
[Round "3"]
[White "Sanan_Sjugirov"]
[Black "IMDT02"]
[Result "1-0"]
[WhiteElo "2833"]
[BlackElo "2490"]
[TimeControl "180+1"]
[EndTime "13:30:42 PST"]
[Termination "Sanan_Sjugirov won on time"]

1. e4 c5 2. Nf3 Nc6 3. Bb5 Nf6 4. Nc3 g6 5. e5 Ng4 6. Bxc6 dxc6 7. h3 Nh6 8. g4 Bg7 9. d3 O-O 10. Be3 f5 11. exf6 exf6 12. Qd2 Nf7 13. Bxc5 Re8+ 14. Be3 b5 15. O-O-O a5 16. Ne4 f5 17. gxf5 Bxf5 18.
Nfg5 Qd5 19. Kb1 Nxg5 20. Nxg5 b4 21. h4 h5 22. Rhe1 a4 23. Ne4 Be6 24. c4 bxc3 25. Nxc3 Qf5 26. Bh6 Bd4 27. a3 Rab8 28. Re4 Qf6 29. Ka1 Rxb2 30. Kxb2 Rb8+ 31. Kc1 Bxc3 32. Qf4 Bb2+ 33. Kd2 Qc3+ 34. Ke2 Re8 35. Qe3 Bg4+ 36. f3 Rxe4 37. Qxe4 Bf5 38. Qe8+ Kh7 39. Bg5 Qc2+ 40.
Rd2 Bxd3+ 41. Kf2 Bd4+ 42. Kg2 1-0

[Event "*** Titled Tuesday Blitz"]
[Site "Chess.com"]
[Date "2020.03.03"]
[Round "3"]
[White "josiwales"]
[Black "Parhamov"]
[Result "0-1"]
[WhiteElo "2530"]
[BlackElo "3045"]
[TimeControl "180+1"]
[EndTime "13:30:43 PST"]
[Termination "Parhamov won by resignation"]

1. e4 c5 2. Nc3 Nc6 3. g3 g6 4. Bg2 Bg7 5. d3 e6 6. Be3 Nd4 7. Qd2 Ne7 8. Nd1 d6 9. c3 Ndc6 10. Bh6 O-O 11. h4 f6 12. Bxg7 Kxg7 13. h5 g5 14. h6+ Kh8 15. Ne2 e5 16. Ne3 f5 17. Nd5 f4 18. gxf4 gxf4 19. Bf3 Ng6 20. O-O-O Nh4 21. Bh5 Qg5 22. Rdg1 Qxh5 23. Nexf4 exf4 24.
Nxf4 Nf3 25. Nxh5 Nxd2 26. Kxd2 Ne5 27. Rg7 Bg4 28. d4 cxd4 29. cxd4 Rxf2+ 30. Ke3 Rf3+ 31. Kd2 Rd3+ 32. Kc2 Rc8+ 33. Kb1 Bxh5 34. dxe5 Bf3 35. Rc1 Rxc1+ 36. Kxc1 dxe5 37. Rxb7 Rd1+ 38. Kc2 Bxe4+ 39. Kxd1 Bxb7 40. Kd2 Kg8 41. Ke3 Kf7 42. b4 Kg6 43.
a4 Kxh6 44. b5 Kg6 45. a5 h5 46. a6 Ba8 47. Kf2 h4 0-1